 Dungeon Crawl Stone Soup version 0.29-a0-90-gc37658a0fe (webtiles) character file.

Game seed: 2118585610861354169

62 lordive the Magician (level 4, -1/32 HPs)
             Began as a Gnoll Hedge Wizard on Feb 7, 2022.
             Slain by an orc wizard (2 damage)
             ... on level 3 of the Dungeon.
             The game lasted 00:02:05 (2428 turns).

lordive the Magician (Gnoll Hedge Wizard)           Turns: 2428, Time: 00:02:06

Health: -1/32      AC:  3    Str:  9    XL:     4   Next: 8%
Magic:  12/13      EV: 13    Int: 15    God:
Gold:   42         SH:  0    Dex: 12    Spells: 16/17 levels left

rFire   . . .      SeeInvis .   a - +0 dagger
rCold   . . .      Faith    .   (no shield)
rNeg    . . .      Spirit   .   b - +0 robe
rPois   .          Reflect  .   c - +0 hat
rElec   .          Harm     .   (no cloak)
rCorr   .          Rampage  .   h - +0 pair of gloves
Will    .....                   (no boots)
Stlth   ++........              (no amulet)
HPRegen 0.10/turn               (no ring)
MPRegen 0.13/turn               (no ring)

@: no status effects
A: fangs 1, strong nose, distributed training
a: no special abilities


You were on level 3 of the Dungeon.
You visited 1 branch of the dungeon, and saw 3 of its levels.

You collected 42 gold pieces.

Inventory:

Hand Weapons
 a - a +0 dagger (weapon)
Armour
 b - a +0 robe (worn)
 c - a +0 hat (worn)
 e - a +0 leather armour
 h - a +0 pair of gloves (worn)
Jewellery
 n - a ring of wizardry
Scrolls
 d - 3 scrolls of identify {unknown}
 g - a scroll of teleportation {unknown}
 i - a scroll of enchant weapon {unknown}
 k - a scroll of fear {unknown}
 l - a scroll of amnesia {unknown}
 m - a scroll of holy word {unknown}
Potions
 f - 2 potions of degeneration {unknown}
 j - a potion of curing {unknown}
 o - a potion of haste {unknown}
 p - a potion of magic {unknown}


   Skills:
 + Level 1.0 Fighting
 + Level 1.0 Short Blades
 + Level 1.0 Long Blades
 + Level 1.0 Axes
 + Level 1.0 Maces & Flails
 + Level 1.0 Polearms
 + Level 1.0 Staves
 + Level 1.0 Slings
 + Level 1.0 Bows
 + Level 1.0 Crossbows
 + Level 1.0 Throwing
 + Level 1.0 Armour
 + Level 4.6 Dodging
 + Level 4.2 Stealth
 + Level 1.0 Shields
 + Level 1.0 Unarmed Combat
 + Level 7.2 Spellcasting
 + Level 2.2 Conjurations
 + Level 0.7 Hexes
 + Level 2.2 Summonings
 + Level 0.7 Necromancy
 + Level 2.2 Translocations
 + Level 0.7 Transmutations
 + Level 0.7 Fire Magic
 + Level 0.7 Ice Magic
 + Level 0.7 Air Magic
 + Level 0.7 Earth Magic
 + Level 0.7 Poison Magic
 + Level 1.1 Invocations
 + Level 1.0 Evocations


You had 16 spell levels left.
You knew the following spells:

 Your Spells              Type           Power      Damage    Failure   Level
a - Magic Dart            Conj           48%        1d5       5%          1

Your spell library contained the following spells:

 Spells                   Type           Power      Damage    Failure   Level
 Blink                    Tloc           24%        N/A       8%          2
 Call Imp                 Summ           12%        N/A       8%          2
 Slow                     Hex            28%        N/A       10%         1
 Conjure Flame            Conj/Fire      9%         6-21      22%         3
 Mephitic Cloud           Conj/Pois/Air  9%         N/A       24%         3
 Inner Flame              Hex/Fire       7%         N/A       28%         3
 Cause Fear               Hex            3%         N/A       67%         4
 Discord                  Hex            3%         N/A       100%        8


Dungeon Overview and Level Annotations

Branches:
Dungeon (3/15)

Altars:

Shops:
D:2 *


Innate Abilities, Weirdness & Mutations

You have very sharp teeth.
Your uncanny sense of smell can sniff out nearby items.
Your experience applies equally to all skills.


Message History

Unknown command.
The bat misses you.
The orc wizard mumbles some strange words.
The orc wizard flickers and vanishes!
Deactivating autopickup; reactivate with Ctrl-A.
You bump into the rock wall.
The bat hits you but does no damage.
An orc priest comes into view. It is wielding a +1 dagger of venom.
Found 18 stones.
The bat hits you but does no damage. The bat hits you but does no damage.
You are more confused.
The orc priest shouts!
You bump into the rock wall.
The bat completely misses you. The bat barely misses you. x2
The orc priest invokes the aid of Beogh against you.
Beogh smites you! The orc misses you.
You closely miss the orc. Your punch misses the orc.
The bat closely misses you.
An endoplasm comes into view.
The bat hits you but does no damage. The bat closely misses you.
You're too confused to move!
The bat hits you but does no damage. The orc closely misses you.
The bat barely misses you.
You miss the bat. The bat hits you but does no damage. The bat hits you.
The orc priest looks braver for a moment.
The bat hits you but does no damage. The orc barely misses you.
A magic dart appears from out of thin air!
The magic dart hits you.
You barely miss the bat. Your bite misses the bat.
You feel less confused. The bat hits you but does no damage.
The orc hits you with a +0 flail!
There are monsters nearby!
The bat closely misses you. The bat hits you but does no damage.
The bat hits you but does no damage.
The orc priest looks braver for a moment.
The orc priest calls down the wrath of Beogh upon you.
Beogh smites you!
* * * LOW HITPOINT WARNING * * *
Something hits you.
You die...

######## ##.....<##
##.<......##
#..........####.#
#...............#
#.....@b....#####
#....oo....#########
#...................
##.........#########
#.....>....#
#........o.########
#..................
#..................
#.(................


You could see an orc priest, 2 orcs and a bat.

Vanquished Creatures
  2 adders (D:2)
  A worm (D:2)
  4 dart slugs
  2 ball pythons (D:1)
  2 bats
  3 endoplasms
  3 giant cockroaches
  3 goblins (D:1)
  A hobgoblin (D:1)
  4 kobolds
  A quokka (D:2)
  3 frilled lizards
  2 rats (D:2)
31 creatures vanquished.

Notes
Turn   | Place    | Note
-------+----------+-------------------------------------------
     0 | D:1      | lordive the Gnoll Hedge Wizard began the quest for the Orb.
     0 | D:1      | Reached XP level 1. HP: 13/13 MP: 8/8
   180 | D:1      | Reached XP level 2. HP: 19/19 MP: 7/10
   647 | D:1      | Reached XP level 3. HP: 25/25 MP: 8/11
  1173 | D:2      | Reached skill level 1 in Invocations
  1599 | D:2      | Found Xeeth's General Store.
  1705 | D:2      | Reached skill level 1 in Fighting
  1705 | D:2      | Reached skill level 1 in Short Blades
  1705 | D:2      | Reached skill level 1 in Long Blades
  1705 | D:2      | Reached skill level 1 in Axes
  1705 | D:2      | Reached skill level 1 in Maces & Flails
  1705 | D:2      | Reached skill level 1 in Polearms
  1705 | D:2      | Reached skill level 1 in Staves
  1705 | D:2      | Reached skill level 1 in Slings
  1705 | D:2      | Reached skill level 1 in Bows
  1705 | D:2      | Reached skill level 1 in Crossbows
  1705 | D:2      | Reached skill level 1 in Throwing
  1705 | D:2      | Reached skill level 1 in Armour
  1705 | D:2      | Reached skill level 1 in Shields
  1705 | D:2      | Reached skill level 1 in Unarmed Combat
  1705 | D:2      | Reached skill level 1 in Evocations
  1705 | D:2      | Reached XP level 4. HP: 24/32 MP: 3/13
  2428 | D:3      | HP: 1/32 [orc priest/divine providence (10)]
  2428 | D:3      | Slain by an orc wizard

Illustrated notes

Levels and vault maps discovered:
D:1:      mainiacjoe_arrival_reflecting_pool, layout_basic
D:2:      layout_basic, serial_shops, shop_statue, minmay_3d_cube
D:3:      layout_rooms, amcnicky_altar_gilded,
          gammafunk_temple_overflow_elements,
          dreamdust_ecumenical_altar_drowned_temple, kennysheep_generic_room_12

Skill      XL: |  1  2  3 |
---------------+----------+-----
Conjurations   | 2 |  2.2
Summonings     | 2 |  2.2
Translocations | 2 |  2.2
Invocations    | 1 |  1.1
Fighting       | 1 |  1.0
Short Blades   | 1 |  1.0
Long Blades    | 1 |  1.0
Axes           | 1 |  1.0
Maces & Flails | 1 |  1.0
Polearms       | 1 |  1.0
Staves         | 1 |  1.0
Slings         | 1 |  1.0
Bows           | 1 |  1.0
Crossbows      | 1 |  1.0
Throwing       | 1 |  1.0
Armour         | 1 |  1.0
Shields        | 1 |  1.0
Unarmed Combat | 1 |  1.0
Evocations     | 1 |  1.0
Dodging        | |  4.6
Stealth        | |  4.2
Spellcasting   | |  7.2
Hexes          | |  0.7
Necromancy     | |  0.7
Transmutations | |  0.7
Fire Magic     | |  0.7
Ice Magic      | |  0.7
Air Magic      | |  0.7
Earth Magic    | |  0.7
Poison Magic   | |  0.7

Action                   |  1- 3 |  4- 6 || total
-------------------------+-------+-------++-------
Melee: Dagger            |    25 |     3 ||    28
       Punch             |     1 |       ||     1
       Bite              |     2 |       ||     2
 Cast: Magic Dart        |    86 |    14 ||   100
Armor: Robe              |     5 |    10 ||    15
Dodge: Dodged            |    24 |    13 ||    37

Table legend: (Time is in decaauts)
 A = Elapsed time spent in this place.
 B = Non-inter-level travel time spent in this place.
 C = Inter-level travel time spent in this place.
 D = Time resting spent in this place.
 E = Time spent auto-exploring this place.
 F = Levels seen in this place.
 G = Mean time per level.
                   A        B        C        D        E       F      G
               +--------+--------+--------+--------+--------+-----+--------+
         Total |   2426 |   2334 |     92 |      0 |   2074 |   3 |  808.7 |
       Dungeon |   2426 |   2334 |     92 |      0 |   2074 |   3 |  808.7 |
               +--------+--------+--------+--------+--------+-----+--------+

Top non-repeatable levels by time:
     D:2: 1352 daAuts
     D:1: 1017 daAuts
     D:3: 56 daAuts
